 Dungeon Crawl Stone Soup version 0.28-a0-410-gbef64dd269 (webtiles) character file.

Game seed: 2824572268722264382

268 Demosthentine the Poker (level 6, -1/48 HPs)
             Began as a Merfolk Gladiator on Sept 7, 2021.
             Slain by a phantom (2 damage)
             ... on level 4 of the Dungeon.
             The game lasted 00:03:55 (3246 turns).

Demosthentine the Poker (Merfolk Gladiator)         Turns: 3246, Time: 00:03:55

Health: -1/48      AC:  0    Str: 16    XL:     6   Next: 21%
Magic:  6/6        EV: 14    Int:  7    God:
Gold:   122        SH:  5    Dex: 16    Spells: 5/5 levels left

rFire   . . .      SeeInvis .   a - +0 trident
rCold   . . .      Faith    .   (no shield)
rNeg    . . .      Spirit   .   b - +0 leather armour
rPois   .          Reflect  +   c - +0 helmet
rElec   .          Harm     .   (no cloak)
rCorr   .          Rampage  .   (no gloves)
Will    .....                   (no boots)
Stlth   +.........              g - amulet of reflection
HPRegen 0.16/turn               (no ring)
MPRegen 0.10/turn               (no ring)

@: corroded
A: (nimble swimmer 2), mertail
a: no special abilities


You were on level 4 of the Dungeon.
You visited 1 branch of the dungeon, and saw 4 of its levels.
You also visited: Sewer.

You collected 122 gold pieces.

Inventory:

Hand Weapons
 a - a +0 trident (weapon)
Missiles
 d - 2 throwing nets (quivered)
Armour
 b - a +0 leather armour (worn)
 c - a +0 helmet (worn)
Jewellery
 g - an amulet of reflection (around neck)
 s - an amulet of regeneration
Wands
 i - a wand of paralysis (8)
 k - a wand of flame (17)
Scrolls
 f - a scroll of fear
 h - a scroll of amnesia
 p - a scroll of magic mapping
Potions
 e - 5 potions of curing
 j - 2 potions of haste
 l - a potion of heal wounds {unknown}
 n - 3 potions of might {unknown}
 o - a potion of mutation {unknown}
 r - a potion of resistance {unknown}
 t - a potion of magic {unknown}
 u - 2 potions of flight {unknown}


   Skills:
 + Level 3.8 Fighting
 + Level 6.2 Polearms
 - Level 2.0 Throwing
 + Level 2.0 Armour
 + Level 5.6 Dodging


You had 5 spell levels left.
You didn't know any spells.
Your spell library contained the following spells:

 Spells                   Type           Power      Damage    Failure   Level
 Sublimation of Blood     Necr           0%         N/A       65%         2
 Wereblood                Tmut           0%         N/A       65%         2
 Petrify                  Tmut/Erth      0%         N/A       99%         4
 Irradiate                Conj/Tmut      0%         3d14      100%        5
 Summon Hydra             Summ           0%         N/A       100%        7


Dungeon Overview and Level Annotations

Branches:
Dungeon (4/15)              Sewer (visited)
 Temple: D:4-7

Altars:

Shops:
D:3 ?


Innate Abilities, Weirdness & Mutations

((You are quick and stealthy near water. (Stealth+, EV+, Speed+++)))
Your lower body shifts to a powerful aquatic tail in water.


Message History

The phantom is severely damaged.
The phantom hits you. The jelly completely misses you.
You are too injured to fight recklessly!
You are too injured to fight recklessly!
You are too injured to fight recklessly!
You are too injured to fight recklessly!
You are too injured to fight recklessly!
You are too injured to fight recklessly!
You are too injured to fight recklessly!
You are too injured to fight recklessly!
You are too injured to fight recklessly!
You are too injured to fight recklessly!
You are too injured to fight recklessly!
You are too injured to fight recklessly!
You are too injured to fight recklessly!
You are too injured to fight recklessly!
You are too injured to fight recklessly!
You are too injured to fight recklessly!
You are too injured to fight recklessly!
You are too injured to fight recklessly!
You are too injured to fight recklessly!
You are too injured to fight recklessly!
You are too injured to fight recklessly!
Unknown command.
You hit the jelly. The acid corrodes you!
Your hands burn!
The jelly is moderately wounded.
The phantom hits you!
* * * LOW HITPOINT WARNING * * *
The jelly completely misses you.
You hit the jelly but do no damage.
Your hands burn!
* * * LOW HITPOINT WARNING * * *
The jelly is moderately wounded.
The phantom hits you!
* * * LOW HITPOINT WARNING * * *
The jelly barely misses you.
You hit the jelly.
Your hands burn!
* * * LOW HITPOINT WARNING * * *
The jelly is heavily wounded.
The phantom hits you.
You die...

.. .....##..# ##
######.....#...####.##
#....#....##.#.......#
#..<.................<
##..##................
#####......)...........#
#....##........J.....#
#...............@W...#
#...###..............#
#....#...............#
##...#.......###....##
###....##.### ##.###
##.###### ## ###


You could see a phantom and a jelly.

Vanquished Creatures
  Purgy (Sewer)
  A hound (D:3)
  7 adders
  A river rat (D:3)
  3 worms
  A dart slug (D:1)
  4 endoplasms
  5 giant cockroaches
  5 goblins
  6 hobgoblins
  3 jackals (D:3)
  2 quokkas
  6 ball pythons
  6 bats
  7 frilled lizards
  2 kobolds
  6 rats
66 creatures vanquished.

Notes
Turn   | Place    | Note
-------+----------+-------------------------------------------
     0 | D:1      | Demosthentine the Merfolk Gladiator began the quest for the
                  | Orb.
     0 | D:1      | Reached XP level 1. HP: 16/16 MP: 1/1
   188 | D:1      | Reached XP level 2. HP: 23/23 MP: 2/2
   220 | D:1      | Noticed a floating eye
   222 | D:1      | Found a faded altar of an unknown god.
   223 | D:1      | Noticed an eye of devastation
   223 | D:1      | Noticed an eye of devastation
   223 | D:1      | Noticed a golden eye
   813 | D:2      | Reached XP level 3. HP: 21/28 MP: 3/3
   841 | D:2      | Reached skill level 5 in Polearms
  1011 | D:2      | Reached skill level 1 in Armour
  1274 | D:2      | Reached XP level 4. HP: 33/34 MP: 4/4
  1829 | D:3      | Reached skill level 5 in Dodging
  1832 | D:3      | Found Amauwaas's Magic Scroll Shop.
  1906 | D:3      | Reached XP level 5. HP: 38/41 MP: 5/5
  2061 | D:3      | Found a glowing drain.
  2065 | Sewer    | Entered a sewer
  2266 | Sewer    | Noticed Purgy
  2288 | Sewer    | Killed Purgy
  2289 | Sewer    | Reached skill level 6 in Polearms
  2289 | Sewer    | Reached XP level 6. HP: 26/48 MP: 6/6
  3245 | D:4      | HP: 2/48 [phantom (10)]
  3246 | D:4      | Slain by a phantom

Illustrated notes

Levels and vault maps discovered:
D:1:      dpeg_arrival_solitude, layout_basic,
          hellmonk_ecumenical_altar_watching_god
D:2:      layout_basic
D:3:      layout_basic, serial_shops, shop, gup_sewer_entry_spiral
D:4:      layout_cave_pools, nicolae_overflow_hidden_temple,
          corexii_leaking_fountain, nicolae_underground_beach

Skill      XL: |  1  2  3  4  5 |
---------------+----------------+-----
Polearms       | 5 6 |  6.2
Armour         | 1 2 |  2.0
Fighting       | 3 |  3.8
Dodging        | 5 |  5.6
Throwing       | |  2.0

Action                   |  1- 3 |  4- 6 || total
-------------------------+-------+-------++-------
Melee: Trident           |    95 |   145 ||   240
       Tailslap          |       |     5 ||     5
Throw: Throwing net      |       |     1 ||     1
  Use: Scroll            |     1 |     6 ||     7
 Stab: Sleeping          |     2 |     2 ||     4
       Distracted        |     1 |       ||     1
       Held in net/web   |       |     2 ||     2
Armor: Leather armour    |    23 |    28 ||    51
Dodge: Dodged            |    44 |    66 ||   110
Block: Other             |       |    36 ||    36

Table legend: (Time is in decaauts)
 A = Elapsed time spent in this place.
 B = Non-inter-level travel time spent in this place.
 C = Inter-level travel time spent in this place.
 D = Time resting spent in this place.
 E = Time spent auto-exploring this place.
 F = Levels seen in this place.
 G = Mean time per level.
                   A        B        C        D        E       F      G
               +--------+--------+--------+--------+--------+-----+--------+
         Total |   3163 |   3138 |     25 |     79 |   2372 |   5 |  632.6 |
       Dungeon |   2742 |   2717 |     25 |     79 |   2021 |   4 |  685.5 |
         Sewer |    420 |    420 |      0 |      0 |    351 |   1 |  420.0 |
               +--------+--------+--------+--------+--------+-----+--------+

Top non-repeatable levels by time:
     D:3: 1072 daAuts
     D:2: 845 daAuts
     D:1: 786 daAuts
   Sewer: 420 daAuts
     D:4: 38 daAuts
